 Dungeon Crawl Stone Soup version 0.32-a0-859-gb0a091d592 (webtiles) character file.

Game seed: 827835853621959110

6796 backslashecho the Carver (level 11, -8/89 HPs)
             Began as a Merfolk Warper on Mar 27, 2024.
             Killed from afar by an efreet (13 damage)
             ... with a fireball
             ... on level 12 of the Dungeon.
             The game lasted 00:35:03 (10655 turns).

backslashecho the Carver (Merfolk Warper)          Turns: 10655, Time: 00:35:04

Health: -8/89      AC: 14    Str: 18    XL:     11   Next: 5%
Magic:  14/14      EV: 17    Int: 12    God:
Gold:   256        SH:  5    Dex: 18    Spells: 14/14 levels left

rFire   + . .        a - +2 falchion (flame)
rCold   . . .        (no shield)
rNeg    . . .        x - +6 acid dragon scales "Ximonoekk" {+Inv rF+ rCorr}
rPois   +            O - +0 helmet
rElec   .            (no cloak)
rCorr   +            A - +0 pair of gloves
SInv    .            (no boots)
Will    .....        M - amulet of reflection
Stlth   +            t - ring of poison resistance
HPRegen 0.34/turn    G - +6 ring of strength
MPRegen 0.14/turn

%: reflection
@: studying Evocations
A: (nimble swimmer 2), mertail
a: Evoke Invisibility


You were on level 12 of the Dungeon.
You visited 2 branches of the dungeon, and saw 12 of its levels.

You collected 420 gold pieces.
You spent 164 gold pieces at shops.

Inventory:

Hand Weapons
 a - a +2 falchion of flaming (weapon)
 b - the +8 dagger "Lyop" {elec, rElec rPois Will- Str-2}
   (You found it on level 9 of the Dungeon)

   Str-2:     It affects your strength (-2).
   rElec:     It insulates you from electricity.
   rPois:     It protects you from poison.
   Will-:     It decreases your willpower.
Missiles
 d - 6 darts of dispersal
 w - a throwing net
 y - 10 poisoned darts
 K - a curare-tipped dart
Armour
 l - a +0 kite shield
 x - the +6 acid dragon scales "Ximonoekk" (worn) {+Inv rF+ rCorr}
   (You found it on level 4 of the Dungeon)

   rF+:       It protects you from fire.
   +Inv:      It lets you turn invisible.
   rCorr:     It protects you from acid and corrosion.
 A - a +0 pair of gloves (worn)
 O - a +0 helmet (worn)
Jewellery
 t - a ring of poison resistance (left hand)
 F - a ring of resist corrosion
 G - a +6 ring of strength (right hand)
 M - an amulet of reflection (around neck)
Wands
 o - a wand of roots (7)
 p - a wand of flame (9) (quivered)
 I - a wand of digging (4)
Scrolls
 c - a scroll of blinking
 f - a scroll of fear
 g - a scroll of teleportation
 i - a scroll of revelation
 m - 2 scrolls of amnesia {unknown}
 n - a scroll of torment {unknown}
 q - a scroll of enchant weapon
 s - 2 scrolls of poison
 v - a scroll of acquirement {unknown}
 z - 5 scrolls of fog
 D - a scroll of vulnerability {unknown}
 H - a scroll of identify
 N - a scroll of enchant armour {unknown}
Potions
 e - 2 potions of enlightenment
 h - a potion of resistance
 j - 3 potions of heal wounds
 k - 3 potions of curing
 r - 3 potions of haste
 u - 3 potions of lignification
 B - a potion of mutation {unknown}
 C - 2 potions of invisibility {unknown}
 E - a potion of cancellation
 L - 2 potions of brilliance


   Skills:
 + Level 9.4 Fighting
 - Level 14.0 Long Blades
 - Level 1.0 Throwing
 - Level 1.0 Armour
 + Level 11.1 Dodging
 - Level 2.0 Spellcasting
 - Level 2.4 Translocations
 + Level 0.0 Evocations


You had 14 spell levels left.
You didn't know any spells.
Your spell library contained the following spells:

 Spells                   Type           Power      Damage    Failure   Level
 Blink                    Tloc           12%        N/A       21%         2
 Lesser Beckoning         Tloc           12%        N/A       21%         2
 Necrotise                Necr           4%         1d4       34%         1
 Summon Small Mammal      Summ           4%         N/A       34%         1
 Teleport Other           Tloc           6%         N/A       38%         3
 Call Imp                 Summ           2%         N/A       47%         2
 Ensorcelled Hibernation  Hex/Ice        2%         N/A       47%         2
 Sublimation of Blood     Necr           1%         N/A       47%         2
 Volatile Blastmotes      Fire/Tloc      8%         2d10      54%         3
 Call Canine Familiar     Summ           1%         N/A       71%         3
 Passwall                 Erth           1%         N/A       71%         3
 Swiftness                Air            1%         N/A       71%         3
 Vampiric Draining        Necr           1%         2d6       71%         3
 Maxwell's Portable Pile  Tloc           6%         2d(6-11)  80%         4
 Vhi's Electric Charge    Tloc/Air       8%         N/A       91%         4
 Martyr's Knell           Necr/Summ      1%         N/A       98%         4
 Summon Blazeheart Golem  Fire/Summ      1%         N/A       98%         4
 Curse of Agony           Necr           1%         N/A       100%        5
 Bombard                  Conj/Erth      0%         9d1       100%        6
 Summon Hydra             Summ           0%         N/A       100%        7


Dungeon Overview and Level Annotations

Branches:
Dungeon (12/15)            Temple (1/1) D:5             Orc (0/2) D:9
   Lair: D:8-11

Altars:
Ashenzari
Cheibriados
Dithmenos
Elyvilon
Fedhas
Gozag
Hepliaklqana
Kikubaaqudgha
Makhleb
Nemelex Xobeh
Qazlal
Ru
Sif Muna
Trog
Uskayaw
Vehumet
Wu Jian
Xom
Yredelemnul
Zin

Shops:
D:6 ?**   D:11 !

Annotations:
D:3 Grinder
D:6 1 runed translucent door, 1 exclusion, Crazy Yiuf
D:12 2 transporters


Innate Abilities, Weirdness & Mutations

((You are very nimble when in or above water. (Stealth+, EV+, Speed+++)))
Your lower body shifts to a powerful aquatic tail in water.


Message History

The grasping roots constrict the yak.
The grasping roots constrict the two-headed ogre!
The yak gores you.
You take 1 damage, and have 60/83 hp.
You hit the yak. You burn the yak.
The yak is moderately wounded.
The grasping roots constrict the yak.
The grasping roots constrict the two-headed ogre.
You slash the yak! You burn the yak.
The yak is severely wounded.
The grasping roots constrict the yak.
The grasping roots constrict the two-headed ogre.
The yak barely misses you.
You slash the yak! You burn the yak.
You kill the yak!
The grasping roots constrict the two-headed ogre.
The grasping roots constrict the two-headed ogre!
You grasping roots sink back into the ground.
The two-headed ogre hits you with a +0 giant spiked club!!
The two-headed ogre hits you but does no damage.
Things that are here:
a yak corpse; an acid dragon corpse; a yak corpse You take 22 damage, and have 38/83 hp.
MASSIVE DAMAGE!!
You slash the two-headed ogre! You burn the two-headed ogre.
The two-headed ogre is severely wounded.
You hit the two-headed ogre. You burn the two-headed ogre.
The two-headed ogre is almost dead.
The two-headed ogre hits you with a +0 giant spiked club!
The two-headed ogre completely misses you.
You take 12 damage, and have 26/83 hp.
You hit the two-headed ogre. You burn the two-headed ogre.
The two-headed ogre is almost dead.
You slash the two-headed ogre! You burn the two-headed ogre.
You kill the two-headed ogre!
Training target 14.0 for Long Blades reached!
Your Long Blades skill increases to level 14!
Your Dodging skill increases to level 11!
You have reached level 11!
You regained 2 hp, and now have 28/89 hp.
MP restored: 14 Unknown command.
You start resting.
A gnoll comes into view. It is wielding a +0 flail.
A gnoll comes into view. It is wielding a +0 spear.
A gnoll comes into view. It is wielding a +0 flail.
You regained 8 hp, and now have 36/89 hp.
The gnoll sergeant shouts!
You hear a shout! x2
Things that are here:
a +0 giant spiked club; a +0 giant club; a two-headed ogre corpse A gnoll sergeant is nearby!
There is a stone staircase leading down here.
You climb downwards.
Level annotation: 2 transporters
There is a stone staircase leading up here.
You start resting.
An efreet is nearby!
You regained 6 hp, and now have 46/89 hp.
Found 8 stones.
You start resting.
An efreet is nearby!
The efreet gestures at you.
The fireball explodes!
The fireball engulfs you! You resist.
You hear a bellow!
You take 10 damage, and have 37/89 hp.
The efreet barely misses you.
You hit the efreet but do no damage. You hit the efreet but do no damage.
The efreet barely misses you.
You hit the efreet.
The efreet is lightly wounded.
You hit the efreet but do no damage.
The efreet is lightly wounded.
The efreet hits you with a +1 scimitar of flaming.
The efreet burns you.
You take 7 damage, and have 31/89 hp.
You hit the efreet.
The efreet is lightly wounded.
The efreet gestures at you.
The fireball explodes!
The fireball engulfs you! You resist.
* * * LOW HITPOINT WARNING * * *
The fireball engulfs the efreet.
The efreet completely resists.
You hear a bellow!
You take 7 damage, and have 24/89 hp.
You slash the efreet!
The efreet is moderately wounded.
You hit the efreet but do no damage.
The efreet is moderately wounded.
You block the efreet's attack.
You hit the efreet but do no damage.
The efreet is moderately wounded.
You slash the efreet!
The efreet is heavily wounded.
The efreet gestures at you. The bolt of fire hits you!! You resist.
* * * LOW HITPOINT WARNING * * *
You take 20 damage, and have 5/89 hp.
MASSIVE DAMAGE!!
You hit the efreet.
The efreet is heavily wounded.
The efreet gestures at you.
The fireball explodes!
The fireball engulfs you! You resist.
You die...

.. #.......# #..#P
#(####### #..#ß #.#
#..## #.# #....
.######.# #.##.
........######## #.
.#####.......... #.
..#####R....##...
## .......@....# ##
..#####..<..##(# .#
#.......<.....# .#
#.##########..#
#..# ... ..# #..#
..##.. #..# ##....
#..# #....# ##
###.>.####..#####)#


You could see an efreet.

Vanquished Creatures
  2 two-headed ogres
  A manticore (D:12)
  A gargoyle (D:12)
  A troll (D:12)
  A hellwing (D:11)
  A hornet (D:11)
  7 yaks
  Eustachio (D:6)
  Menkaure (D:4)
  3 vampire mosquitoes (D:12)
  An acid dragon (D:11)
  A water moccasin (D:5)
  4 sky beasts
  An ice beast (D:6)
  3 centaurs
  A kobold brigand (D:9)
  A weeping skull (D:5)
  3 bullfrogs
  A gnoll sergeant (D:6)
  4 scorpions
  3 howler monkeys (D:8)
  A hound (D:5)
  3 orc priests
  A jelly (D:6)
  Jessica (D:2)
  2 sleepcaps
  Ijyb (D:2)
  5 iguanas
  Natasha (thrice) (D:2)
  7 orc wizards
  2 ogre zombies (D:4)
  8 gnolls
  4 adders
  A white imp (D:5)
  4 ufetubi
  2 dart slugs (D:4)
  4 ribbon worms
  30 orcs
  6 ball pythons
  3 bats
  10 endoplasms
  3 giant cockroaches
  9 goblins
  2 hobgoblins
  8 kobolds
  A quokka (D:1)
  4 frilled lizards
  5 rats
  A spectral orc (D:5)
173 creatures vanquished.

Vanquished Creatures (others)
  A vampire mosquito (D:12)
  A bombardier beetle (D:4)
2 creatures vanquished.

Grand Total: 175 creatures vanquished

Notes
Turn   | Place    | Note
-------+----------+-------------------------------------------
     0 | D:1      | backslashecho the Merfolk Warper began the quest for the
                  | Orb.
     0 | D:1      | Reached XP level 1. HP: 16/16 MP: 3/3
   416 | D:1      | Reached skill level 1 in Armour
   416 | D:1      | Reached XP level 2. HP: 23/23 MP: 5/5
   533 | D:1      | Reached skill level 3 in Long Blades
  1260 | D:2      | Reached XP level 3. HP: 27/28 MP: 6/6
  1547 | D:2      | Noticed Natasha
  1558 | D:2      | Killed Natasha
  1559 | D:2      | Reached skill level 4 in Long Blades
  1559 | D:2      | Reached XP level 4. HP: 16/35 MP: 7/7
  1932 | D:2      | Noticed Natasha
  1940 | D:2      | Killed Natasha
  2237 | D:2      | Noticed Jessica
  2251 | D:2      | Killed Jessica
  2252 | D:2      | Reached XP level 5. HP: 35/41 MP: 8/8
  2267 | D:2      | Noticed Ijyb
  2273 | D:2      | Killed Ijyb
  2436 | D:2      | Noticed Natasha
  2449 | D:2      | Killed Natasha
  2450 | D:2      | Reached skill level 5 in Long Blades
  2738 | D:3      | Found a faded altar of an unknown god.
  2773 | D:3      | Found a glowing silver altar of Zin.
  2922 | D:3      | Found a bloodstained altar of Trog.
  3017 | D:3      | Noticed Grinder
  3283 | D:3      | Paralysed by Grinder for 2 turns
  3645 | D:3      | Reached XP level 6. HP: 15/48 MP: 9/9
  4074 | D:4      | Reached skill level 6 in Long Blades
  4074 | D:4      | Reached skill level 5 in Dodging
  4085 | D:4      | Identified the +6 acid dragon scales "Ximonoekk" {+Inv rF+
                  | rCorr}
  4169 | D:4      | Found a transporter.
  4201 | D:4      | Found a white marble altar of Elyvilon.
  4201 | D:4      | Found a shimmering blue altar of Sif Muna.
  4308 | D:4      | Found a burning altar of Makhleb.
  4328 | D:4      | Reached XP level 7. HP: 55/55 MP: 10/10
  4469 | D:4      | Found a transporter.
  4504 | D:4      | Found a radiant altar of Vehumet.
  4775 | D:4      | Noticed Menkaure
  4782 | D:4      | Killed Menkaure
  4958 | D:4      | Reached skill level 7 in Long Blades
  5009 | D:5      | Entered Level 5 of the Dungeon
  5145 | D:5      | Reached skill level 5 in Fighting
  5256 | D:5      | Found a staircase to the Ecumenical Temple.
  5265 | Temple   | Entered the Ecumenical Temple
  5294 | D:5      | Reached XP level 8. HP: 48/62 MP: 11/11
  5344 | D:5      | Found a stormy altar of Qazlal.
  5345 | D:5      | Found an opulent altar of Gozag.
  5499 | D:5      | Found a shadowy altar of Dithmenos.
  5957 | D:5      | Found a basalt altar of Yredelemnul.
  6075 | D:5      | Reached skill level 8 in Long Blades
  6319 | D:6      | Noticed Eustachio
  6405 | D:6      | Killed Eustachio
  6437 | D:6      | Found Biolloer's Assorted Antiques.
  6505 | D:6      | Found Reliff's General Store.
  6511 | D:6      | Bought a scroll of fog for 56 gold pieces
  6562 | D:6      | Reached skill level 9 in Long Blades
  6586 | D:6      | Found an ancient bone altar of Kikubaaqudgha.
  6589 | D:6      | Found a blossoming altar of Fedhas.
  6718 | D:6      | Found a runed translucent door.
  6719 | D:6      | Noticed Crazy Yiuf
  6986 | D:6      | Found Qiwoopn's Magic Scroll Emporium.
  7305 | D:7      | Reached XP level 9. HP: 64/70 MP: 12/12
  7523 | D:6      | Reached skill level 10 in Long Blades
  8416 | D:8      | Noticed a two-headed ogre
  8437 | D:8      | Killed a two-headed ogre
  8438 | D:8      | Reached skill level 11 in Long Blades
  8507 | D:8      | Reached skill level 9 in Dodging
  9159 | D:9      | Reached XP level 10. HP: 80/80 MP: 13/13
  9222 | D:9      | Identified the +8 dagger "Lyop" {elec, rElec rPois Will-
                  | Str-2}
  9334 | D:9      | Found a staircase to the Orcish Mines.
  9398 | D:9      | Reached skill level 12 in Long Blades
  9579 | D:9      | You fall into a shaft and drop 3 floors!
  9620 | D:12     | Noticed a gargoyle
  9640 | D:12     | Killed a gargoyle
 10043 | D:12     | Found a transporter.
 10044 | D:12     | Noticed a kobold demonologist
 10045 | D:12     | Noticed a deep elf knight
 10046 | D:12     | Noticed a kobold demonologist
 10051 | D:12     | Found a transporter.
 10059 | D:12     | Noticed a deep elf knight
 10062 | D:12     | Noticed a kobold demonologist
 10068 | D:12     | Noticed a kobold demonologist
 10085 | D:12     | Noticed a manticore
 10097 | D:12     | Killed a manticore
 10098 | D:12     | Reached skill level 13 in Long Blades
 10231 | D:11     | Noticed a two-headed ogre
 10378 | D:11     | Found Inimn's Distillery.
 10386 | D:11     | Bought a potion of cancellation for 96 gold pieces
 10386 | D:11     | Bought a potion of degeneration for 12 gold pieces
 10464 | D:11     | Noticed a cyclops
 10464 | D:11     | Noticed an orange demon
 10532 | D:11     | Reached skill level 9 in Fighting
 10588 | D:11     | Killed a two-headed ogre
 10589 | D:11     | Reached skill level 14 in Long Blades
 10589 | D:11     | Reached XP level 11. HP: 28/89 MP: 14/14
 10655 | D:12     | Killed from afar by an efreet

Illustrated notes

Levels and vault maps discovered:
D:1:      dpeg_arrival_water_fire, layout_basic, glass_columns_a
D:2:      kennysheep_the_goblin_king, layout_basic, uniq_natasha, uniq_jessica
D:3:      layout_basic, nicolae_overflow_crystal_walls, lemuel_round_altar,
          hellmonk_ecumenical_altar_zigzags, minivault_27, uniq_grinder
D:4:      gammafunk_cloud_chamber, layout_basic, kennysheep_mini,
          chequers_temple_overflow_statue_of_worship, uniq_menkaure
D:5:      layout_loops_ring, nicolae_overflow_squiral, kennysheep_little_box,
          yredelemnul_forgotten_temple_becter, minmay_temple_entry_sparse_star
D:6:      layout_gridville, grunt_temple_overflow_growth_and_decay,
          serial_shops, nicolae_stop_n_shop_2, nicolae_shop_tiny_glass, shop,
          chequers_avenue, uniq_eustachio, uniq_crazy_yiuf_cottage
D:7:      layout_layer_cave, corexii_leaking_fountain
D:8:      layout_loops_ring, minmay_manual_mares
D:9:      layout_roguey, nicolae_tso_carved_into_rock, orc_0_dummy, hex_tiny
D:11:     layout_big_octagon, lair_entry_dummy, serial_demonic,
          serial_demonic_b, serial_demonic_e, serial_demonic_e,
          serial_demonic_d, serial_shops, shop, shop,
          nicolae_shop_tiny_real_fake_doors, nicolae_shop_hallway_plus,
          kennysheep_donut, grunt_ministairs_14, uniq_erolcha
D:12:     gammafunk_wand_slinger, layout_loops_ring
Temple:   pf_temple_reverse_labyrinth

Skill      XL: |  1  2  3  4  5  6  7  8  9 10 |
---------------+-------------------------------+-----
Armour         | 1 |  1.0
Dodging        | 3 4 5 6 7 9 11 | 11.1
Long Blades    | 3 4 5 6 7 9 11 14 | 14.0
Fighting       | 3 4 5 6 7 9 |  9.4
Throwing       | |  1.0
Spellcasting   | |  2.0
Translocations | |  2.4

Action                     |  1- 3 |  4- 6 |  7- 9 | 10-12 || total
---------------------------+-------+-------+-------+-------++-------
  Melee: Falchion          |    96 |   136 |   403 |   187 ||   822
         Tailslap          |       |       |     3 |       ||     3
  Throw: Dart              |       |     1 |     5 |       ||     6
  Evoke: Wand              |       |     6 |    18 |    11 ||    35
    Use: Scroll            |     1 |       |    12 |     4 ||    17
         Potion            |       |       |       |     1 ||     1
   Stab: Sleeping          |     1 |       |     4 |       ||     5
 Armour: Leather armour    |    39 |       |       |       ||    39
         Ring mail         |    26 |    54 |       |       ||    80
         Acid dragon scale |       |    31 |   236 |    72 ||   339
  Dodge: Dodged            |    41 |    53 |   270 |    93 ||   457
  Block: Other             |       |    25 |    71 |    31 ||   127
         Reflection        |       |     1 |     2 |       ||     3

Table legend: (Time is in decaauts)
 A = Elapsed time spent in this place.
 B = Non-inter-level travel time spent in this place.
 C = Inter-level travel time spent in this place.
 D = Time resting spent in this place.
 E = Time spent auto-exploring this place.
 F = Levels seen in this place.
 G = Mean time per level.
                   A        B        C        D        E       F      G
               +--------+--------+--------+--------+--------+-----+--------+
         Total |  10552 |   9680 |    872 |    831 |   6163 |  12 |  879.3 |
       Dungeon |  10550 |   9678 |    872 |    831 |   6163 |  11 |  959.1 |
        Temple |      1 |      1 |      0 |      0 |      0 |   1 |    1.0 |
               +--------+--------+--------+--------+--------+-----+--------+

Top non-repeatable levels by time:
     D:2: 1710 daAuts
     D:3: 1289 daAuts
     D:7: 1206 daAuts
     D:5: 1130 daAuts
     D:4: 1063 daAuts
     D:1: 1056 daAuts
     D:6: 981 daAuts
    D:12: 755 daAuts
     D:8: 651 daAuts
     D:9: 432 daAuts
    D:11: 274 daAuts
  Temple: 1 daAuts
